 Dungeon Sprint DCSS version 0.21-a0-638-g11b2e07010 (webtiles) character file.

294 NixNut the Skirmisher (level 6, -2/79 HPs)
             Began as a Demonspawn Gladiator on Dec 30, 2017.
             Slain by Sonja
             ... wielding a +2 short sword of distortion
              (3 damage)
             ... in the Dungeon (Sprint I: "Red Sonja").
             The game lasted 00:02:10 (394 turns).

NixNut the Skirmisher (Demonspawn Gladiator)         Turns: 394, Time: 00:02:10

Health: -2/79      AC:  3    Str: 21    XL:     6   Next: 11%
Magic:  0/6        EV: 15    Int: 10    God:
Gold:   297        SH:  0    Dex: 14    Spells: 5/5 levels left

rFire    . . .     SeeInvis .   a - +0 war axe
rCold    . . .     Gourm    .   (no shield)
rNeg     . . .     Faith    .   b - +0 leather armour
rPois    .         Spirit   +   (helmet restricted)
rElec    .         Reflect  .   (no cloak)
rCorr    .         Harm     .   (no gloves)
MR       .....     NoTele   +   (no boots)
Stlth    ..........             (no amulet)
HPRegen  0.23/turn              (no ring)
MPRegen  0.20/turn              (no ring)

@: berserking (expiring), lethally poisoned (-2 -> -22), slowed
A: horns 1, magic shield, magic regeneration
a: no special abilities


You were in the Dungeon.
You were not hungry.

You visited 1 branch You collected 297 gold pieces.

Inventory:

Hand Weapons
 a - a +0 war axe (weapon)
Armour
 b - a +0 leather armour (worn)
 c - a +0 helmet
Scrolls
 k - a scroll of blinking
Potions
 e - 2 potions of curing
 h - a potion of haste
 i - 2 potions of magic
Comestibles
 f - a ration
 l - 4 chunks of flesh


   Skills:
 + Level 6.7 Fighting
 + Level 6.4 Axes
 - Level 1.7 Throwing
 + Level 5.7 Armour
 + Level 6.4 Dodging


You had 5 spell levels left.
You didn't know any spells.

Dungeon Overview and Level Annotations

Branches:
Dungeon (1/1)

Altars:
Sif Muna
Vehumet
Wu Jian

Annotations:
D Sonja


Innate Abilities, Weirdness & Mutations

You have a pair of small horns on your head.
When hurt, damage is shared between your health and your magic reserves.
You regenerate magic rapidly.


Message History

Sonja hits you with an uncursed short sword of distortion.
Sonja closely misses you.
Sonja hits you with an uncursed short sword of distortion.
* * * LOW HITPOINT WARNING * * *
Space bends around you.
* * * LOW HITPOINT WARNING * * *
Sonja hits you with an uncursed short sword of distortion.
* * * LOW HITPOINT WARNING * * *
Space bends around you.
* * * LOW HITPOINT WARNING * * *
You miss Sonja. Your headbutt misses Sonja.
Sonja is moderately wounded.
* * * LOW HITPOINT WARNING * * *
You feel sick.
Sonja twirls her cape.
Sonja closely misses you. Sonja completely misses you. Sonja barely misses you.
Sonja hits you with an uncursed short sword of distortion!
* * * LOW HITPOINT WARNING * * *
Space bends around you.
You die...

################
#<.#.[').#.)'..#
#..'..#..'..#..+
#..#####'#####'#
#..# #..#...#.#
#..# ####..##)#
#..# ##'#_.+
#⌠⌠# +..._# ####
#_@#+# ##+K$#
.### .$ K$# .##
+#


You could see Sonja.

Vanquished Creatures
  Sigmund (D)
  An ogre (D)
  A jelly (D)
  Ijyb (D)
4 creatures vanquished.

Notes
Turn   | Place    | Note
-------+----------+-------------------------------------------
     0 | D        | NixNut the Demonspawn Gladiator began the quest for the Orb.
     0 | D        | Reached XP level 1. HP: 16/16 MP: 1/1
     2 | D        | Noticed Ijyb
    28 | D        | Killed Ijyb
    28 | D        | Gained mutation: You have a pair of small horns on your head. [demonic ancestry]
    28 | D        | Reached XP level 2. HP: 10/24 MP: 2/2
   203 | D        | Noticed an ogre
   212 | D        | Killed an ogre
   212 | D        | Gained mutation: When hurt, damage is shared between your health and your magic reserves. [demonic ancestry]
   212 | D        | Reached XP level 3. HP: 32/32 MP: 3/3
   212 | D        | Reached XP level 4. HP: 38/38 MP: 4/4
   217 | D        | Noticed Sigmund
   223 | D        | Killed Sigmund
   223 | D        | Reached skill level 5 in Armour
   223 | D        | Reached XP level 5. HP: 40/47 MP: 5/5
   223 | D        | Gained mutation: You regenerate magic rapidly. [demonic ancestry]
   223 | D        | Reached XP level 6. HP: 45/53 MP: 6/6
   295 | D        | Found a deep blue altar of Sif Muna.
   296 | D        | Found an ornate altar of the Wu Jian Council.
   297 | D        | Found a radiant altar of Vehumet.
   387 | D        | Noticed Sonja
   394 | D        | HP: 1/79 [Sonja/uncursed short sword of distortion (9)]
   394 | D        | Slain by Sonja

Vault maps used:
D:        dungeon_sprint_1

Skill      XL: |  1  2  3  4 |
---------------+-------------+-----
Fighting       | 3 4 6 |  6.7
Axes           | 3 4 6 |  6.4
Armour         | 2 3 5 |  5.7
Dodging        | 3 4 6 |  6.4
Throwing       | |  1.7

Action                   |  1- 3 |  4- 6 || total
-------------------------+-------+-------++-------
Melee: War axe           |    28 |     7 ||    35
       Headbutt          |     1 |     2 ||     3
Throw: Throwing net      |     4 |     2 ||     6
  Use: Potion            |       |     2 ||     2
 Stab: Held in net/web   |       |     1 ||     1
Armor: Leather armour    |     3 |       ||     3
Dodge: Dodged            |    18 |     5 ||    23

Table legend:
 A = Spawn XP
 B = Non-spawn XP
 C = Spawn XP percentage of total XP
 D = Spawn monster count
 E = Non-spawn monster count
 F = Spawn count percentage of total count
 G = Total turns spent on level
                    A         B        C        D         E        F      G
               +---------+---------+-------+---------+---------+-------+---------
         Total |       0 |     421 |   0.0 |       0 |       4 |   0.0 |   394
               +---------+---------+-------+---------+---------+-------+---------
             D |       0 |     421 |   0.0 |       0 |       4 |   0.0 |   394
               +---------+---------+-------+---------+---------+-------+---------
